 Dungeon Crawl Stone Soup version 0.21.1-1-g345015f (webtiles) character file.

805 Iko the Charlatan (level 7, -2/53 HPs)
             Began as a Barachi Artificer on June 15, 2018.
             Shot with an arrow by a centaur (4 damage)
             ... on level 7 of the Dungeon.
             The game lasted 00:09:46 (925 turns).

Iko the Charlatan (Barachi Artificer)                Turns: 925, Time: 00:09:46

Health: -2/53      AC:  9    Str: 14    XL:     7   Next: 91%
Magic:  11/11      EV:  7    Int: 13    God:
Gold:   87         SH:  0    Dex: 12    Spells: 6/6 levels left

rFire    . . .     SeeInvis .   b - +0 shortbow
rCold    . . .     Gourm    .   (shield currently unavailable)
rNeg     . . .     Faith    .   i - +0 chain mail
rPois    .         Spirit   .   (no helmet)
rElec    .         Reflect  .   (no cloak)
rCorr    .         Harm     .   (no gloves)
MR       .....                  (no boots)
Stlth    ..........             (no amulet)
HPRegen  0.17/turn              (no ring)
MPRegen  0.12/turn              (no ring)

@: slow
A: +LOS, swims, slowness 1, strong legs 1
a: Hop


You were on level 7 of the Dungeon.
You were hungry.

You visited 1 branch of the dungeon, and saw 7 of its levels.

You collected 87 gold pieces.

Inventory:

Hand Weapons
 b - a +0 shortbow (weapon)
 g - a +3 short sword of venom
Missiles
 a - 2 javelins
 j - 8 arrows (quivered)
Armour
 i - a +0 chain mail (worn)
Wands
 c - a wand of flame (3)
 d - a wand of enslavement (15)
 e - a wand of random effects (9)
 h - a wand of digging (23)
Scrolls
 k - a scroll of identify
 l - 2 scrolls of remove curse
Comestibles
 f - 9 rations


   Skills:
 + Level 3.6 Fighting
 + Level 4.1 Short Blades
 + Level 1.4 Bows
 + Level 2.3 Throwing
 + Level 3.2 Armour
 + Level 3.1 Dodging
 + Level 1.7 Stealth
 + Level 6.2 Evocations


You had 6 spell levels left.
You didn't know any spells.

Dungeon Overview and Level Annotations

Branches:
Dungeon (7/15)
 Temple: D:4-7

Altars:


Innate Abilities, Weirdness & Mutations

Shadows flee at your approach. (+LOS)
You can swim through water.
You cover ground slowly.
You can hop short distances.


Message History

The adder is almost dead.
You kill the adder!
Found a stone staircase leading down.
There is an open door here.
You see here an adder corpse.
Your +3 short sword of venom stops dripping with poison.
b - a +0 shortbow (weapon)
A centaur comes into view.
The centaur shouts!
The centaur wields a glowing shortbow.
It is covered in frost.
The centaur shoots an arrow.
The arrow barely misses you.
You see here an arrow.
The centaur shoots an arrow.
The arrow hits you.
* * * LOW HITPOINT WARNING * * *
The arrow freezes you.
* * * LOW HITPOINT WARNING * * *
The centaur shoots an arrow.
The arrow hits you!
* * * LOW HITPOINT WARNING * * *
The arrow freezes you.
You die...

#.... #.... #....
###....############
..............((...
...................
...................
.......?...........
........@..........
.........(.........
...............>...
#.c..#####†########
+... #........# #..
+........# #.
##.......# .
#..###.## #+## #<#


You could see a centaur.

Vanquished Creatures
  Grinder (D:5)
  An ice beast (D:6)
  An orc warrior (D:6)
  An ogre (D:6)
  A centaur (D:6)
  A bullfrog (D:6)
  2 crimson imps
  2 hounds
  Ijyb (D:5)
  2 adders
  An ooze (D:6)
  An adder skeleton (D:5)
  An adder zombie (D:6)
  2 worms
  3 leopard geckos
  5 orcs (D:6)
  2 hobgoblins
  A kobold (D:1)
  A quokka (D:4)
  A frilled lizard (D:2)
  A rat (D:1)
32 creatures vanquished.

Notes
Turn   | Place    | Note
-------+----------+-------------------------------------------
     0 | D:1      | Iko the Barachi Artificer began the quest for the Orb.
     0 | D:1      | Reached XP level 1. HP: 15/15 MP: 3/3
   206 | D:3      | Reached XP level 2. HP: 21/21 MP: 4/4
   300 | D:4      | Reached skill level 4 in Evocations
   332 | D:4      | Reached skill level 1 in Stealth
   332 | D:4      | Reached XP level 3. HP: 22/27 MP: 6/6
   345 | D:5      | Entered Level 5 of the Dungeon
   345 | D:5      | Noticed Ijyb
   354 | D:5      | Killed Ijyb
   354 | D:5      | Reached XP level 4. HP: 25/33 MP: 7/7
   516 | D:5      | Reached skill level 1 in Armour
   516 | D:5      | Reached skill level 5 in Evocations
   516 | D:5      | Reached XP level 5. HP: 34/38 MP: 8/8
   549 | D:5      | Noticed Grinder
   563 | D:5      | Paralysed by Grinder for 6 turns
   573 | D:5      | Killed Grinder
   573 | D:5      | Reached skill level 1 in Throwing
   573 | D:5      | Reached XP level 6. HP: 26/46 MP: 8/10
   644 | D:6      | Reached XP level 7. HP: 31/52 MP: 11/11
   694 | D:6      | Reached skill level 6 in Evocations
   836 | D:6      | Reached skill level 1 in Bows
   925 | D:7      | HP: 2/53 [centaur/arrow (10)]
   925 | D:7      | Shot with an arrow by a centaur

Skill      XL: |  1  2  3  4  5  6  7 |
---------------+----------------------+-----
Evocations     | 4 5 6 |  6.2
Stealth        | 1 |  1.7
Fighting       | 2 3 |  3.6
Short Blades   | 2 3 4 |  4.1
Armour         | 1 2 3 |  3.2
Throwing       | 1 2 |  2.3
Dodging        | 3 |  3.1
Bows           | 1 |  1.4

Action                   |  1- 3 |  4- 6 |  7- 9 || total
-------------------------+-------+-------+-------++-------
Melee: Short sword       |    24 |    45 |    42 ||   111
 Fire: Shortbow          |       |     2 |    23 ||    25
Throw: Javelin           |     5 |     9 |       ||    14
Evoke: Wand              |     6 |     5 |     7 ||    18
  Use: Scroll            |     3 |     2 |       ||     5
       Potion            |       |     2 |       ||     2
 Stab: Sleeping          |     1 |       |       ||     1
Armor: Leather armour    |     4 |       |       ||     4
       Chain mail        |       |    17 |    28 ||    45
Dodge: Dodged            |    13 |    16 |    17 ||    46
